 Dungeon Sprint DCSS version 0.21-a0-400-g417d9d2 (webtiles) character file.

11 Amnesiac the Digger (level 2, -5/19 HPs)
             Began as a Formicid Earth Elementalist on Oct 20, 2017.
             Slain by an ice beast (7 damage)
             ... in the Dungeon (Sprint IX: "|||||||||||||||||||||||||||||").
             The game lasted 00:00:38 (241 turns).

Amnesiac the Digger (Formicid Earth Elementalist)    Turns: 241, Time: 00:00:39

Health: -5/19      AC:  2    Str: 12    XL:     2   Next: 40%
Magic:  1/6        EV: 12    Int: 14    God:
Gold:   0          SH:  0    Dex: 11    Spells: 6/7 levels left

rFire    . . .     SeeInvis +   (no weapon)
rCold    . . .     Gourm    .   (no shield)
rNeg     . . .     Faith    .   c - +0 robe
rPois    .         Spirit   .   (helmet unavailable)
rElec    .         Reflect  .   (no cloak)
rCorr    .         Harm     .   (no gloves)
MR       .....                  (no boots)
Stlth    ++........             (no amulet)
HPRegen  0.06/turn              (no ring)
MPRegen  0.10/turn              (no ring)

@: no status effects
A: permanent stasis, dig shafts and tunnels, four strong arms, antennae 3
a: Dig


You were in the Dungeon.
You were not hungry.

You visited 1 branch

Inventory:

Missiles
 b - 19 stones (quivered)
Armour
 c - a +0 robe (worn)
Scrolls
 j - a scroll of blinking {!r}
Potions
 f - a potion of heal wounds {!q}
 g - a potion of haste {!q}
 h - a potion of magic {!q}
 i - a potion of berserk rage {!q}
Books
 k - a book of Geomancy

   Spells                             Type                      Level
   a - Sandblast                      Earth                        1
   b - Passwall                       Transmutation/Earth          2
   c - Stone Arrow                    Conjuration/Earth            3
   d - Petrify                        Transmutation/Earth          4
   e - Lee's Rapid Deconstruction     Earth                        5
Comestibles
 d - a bread ration


   Skills:
 - Level 1.7 Dodging
 - Level 2.4 Stealth
 + Level 3.3 Spellcasting
   Level 1.1 Transmutations
 * Level 5.7 Earth Magic


You had 6 spell levels left.
You knew the following spells:

 Your Spells              Type           Power        Failure   Level  Hunger
a - Sandblast             Erth           ###...       1%          1    #......


Dungeon Overview and Level Annotations

Branches:
Dungeon (1/1)

Altars:


Innate Abilities, Weirdness & Mutations

You cannot be hasted, slowed, berserked, paralysed or teleported.
You can dig through walls and to a lower floor.
Your four strong arms can wield two-handed weapons with a shield.
You have a pair of large antennae on your head. (SInv)


Message History

There is an open door to the Dungeon here.
You see here a dart slug corpse.
You start resting.
Your magical contamination has completely faded away.
You start resting.
You start resting.
You start resting.
HP restored.
You start resting.
HP restored.
You open the door.
A hound, a worker ant, an ice beast, a zombie and a skeleton come into view.
There is an open door to the Dungeon here.
You see here a frilled lizard corpse.
Casting: Sandblast
Confirm with . or Enter, or press ? or * to list all spells.
Aiming: Sandblast
Press: ? - help, Shift-Dir - straight line, f - ice beast
Aim: an ice beast The blast of sand hits the ice beast.
The ice beast is heavily wounded.
b - 23 stones
Casting: Sandblast
Confirm with . or Enter, or press ? or * to list all spells.
Aiming: Sandblast
Press: ? - help, Shift-Dir - straight line, f/p - ice beast
Aim: an ice beast (heavily wounded)
The blast of sand hits the ice beast.
The ice beast is heavily wounded.
b - 22 stones The ice beast barely misses you.
Casting: Sandblast
Confirm with . or Enter, or press ? or * to list all spells.
Aiming: Sandblast
Press: ? - help, Shift-Dir - straight line, f/p - ice beast
Aim: an ice beast (heavily wounded)
The blast of sand hits the ice beast.
The ice beast is severely wounded.
b - 21 stones The ice beast hits you.
The ice beast freezes you.
Casting: Sandblast
Confirm with . or Enter, or press ? or * to list all spells.
Aiming: Sandblast
Press: ? - help, Shift-Dir - straight line, f/p - ice beast
Aim: an ice beast (severely wounded)
The blast of sand hits the ice beast.
The ice beast is almost dead.
b - 20 stones The ice beast hits you.
* * * LOW HITPOINT WARNING * * *
The ice beast freezes you.
* * * LOW HITPOINT WARNING * * *
Unknown command.
Casting: Sandblast
Confirm with . or Enter, or press ? or * to list all spells.
Aiming: Sandblast
Press: ? - help, Shift-Dir - straight line, f/p - ice beast
Aim: an ice beast (almost dead)
The blast of sand misses the ice beast.
b - 19 stones The ice beast hits you.
* * * LOW HITPOINT WARNING * * *
The ice beast freezes you!
You die...

▓▓▓
▓<▓
▓@▓
▓Y▓
▓.▓
▓'▓
▓.▓
▓.▓
▓.▓
▓.▓
▓.▓


You could see an ice beast.

Vanquished Creatures
  An ooze (D)
  A dart slug (D)
  A bat (D)
  A kobold (D)
  A frilled lizard (D)
5 creatures vanquished.

Notes
Turn   | Place    | Note
-------+----------+-------------------------------------------
     0 | D        | Amnesiac the Formicid Earth Elementalist began the quest for the Orb.
     0 | D        | Reached XP level 1. HP: 13/13 MP: 3/3
     5 | D        | Reached skill level 4 in Earth Magic
    34 | D        | Reached skill level 5 in Earth Magic
    36 | D        | Reached XP level 2. HP: 6/19 MP: 1/6
   228 | D        | Noticed an ice beast
   241 | D        | Slain by an ice beast

Vault maps used:
D:        linesprint

Skill      XL: |  1 |
---------------+----+-----
Earth Magic    | 5 |  5.7
Spellcasting   | 3 |  3.3
Dodging        | |  1.7
Stealth        | |  2.4
Transmutations | |  1.1

Action                   || total
-------------------------++-------
Melee: Unarmed           ||    16
 Cast: Sandblast         ||    11
  Use: Potion            ||     2
Armor: Robe              ||     6
Dodge: Dodged            ||    27

Table legend:
 A = Spawn XP
 B = Non-spawn XP
 C = Spawn XP percentage of total XP
 D = Spawn monster count
 E = Non-spawn monster count
 F = Spawn count percentage of total count
 G = Total turns spent on level
                    A         B        C        D         E        F      G
               +---------+---------+-------+---------+---------+-------+---------
         Total |       0 |      17 |   0.0 |       0 |       5 |   0.0 |   241
               +---------+---------+-------+---------+---------+-------+---------
             D |       0 |      17 |   0.0 |       0 |       5 |   0.0 |   241
               +---------+---------+-------+---------+---------+-------+---------
